Map: Ephemeron LE

Players

SilentStrikE - Winner!

  • Race: Terran Terran
  • League: Diamond
  • Spawn Location: 11:00

Cal

  • Race: Zerg Zerg
  • League: Diamond
  • Spawn Location: 5:00

VOD

Have the link to the VOD?

Description

Time

  • Played on: Oct. 21, 2019, 8:46 p.m.
  • Length: 11:26
Show
View Real Time Build Order
Export as new Build Order

SilentStrikE Terran - Winner!

Build Orders: Gas First Reaper Expand 

Get SALT Encoding   

  12  0:01  SCV  
  13  0:13  SCV  
  14  0:17  Supply Depot  
  14  0:25  SCV  
  14  0:28  Refinery  
  15  0:38  SCV  
  16  0:46  Barracks  
  16  0:52  SCV  
  17  1:04  SCV  
  18  1:16  SCV  
  19  1:34  Reaper, Orbital Command  
  20  1:43  Command Center  
  20  1:56  Factory  
  20  2:00  SCV  
  21  2:03  Refinery  
  21  2:07  Barracks Reactor  
  21  2:13  Supply Depot  
  21  2:16  SCV  
  22  2:28  SCV  
  23  2:40  SCV  
  24  2:56  SCV  
  24  2:57  Starport  
  25  3:02  Hellion x2  
  28  3:05  Orbital Command  
  28  3:07  Reaper  
  29  3:13  SCV  
  30  3:40  Starport Tech Lab  
  29  3:42  Fusion Core  
  29  3:45  SCV x2  
  29  3:47  Reaper, Hellion x2  
  36  3:57  SCV x2  
  36  4:02  Viking  
  40  4:05  Refinery  
  40  4:09  SCV x2  
  42  4:13  Supply Depot  
  42  4:15  Hellion x2  
  46  4:35  SCV x2  
  46  4:36  Supply Depot  
  46  4:38  Battlecruiser  
  54  4:57  SCV x2  
  56  5:00  Weapon Refit  
  56  5:07  Refinery  
  56  5:08  Supply Depot  
  56  5:10  SCV x2  
  58  5:16  Command Center  
  58  5:22  SCV x2  
  58  5:25  Supply Depot  
  60  5:34  SCV  
  61  5:52  SCV  
  61  5:53  SCV, Factory x4  
  63  6:00  Reaper, Hellion x2  
  68  6:04  SCV  
  68  6:05  SCV  
  68  6:08  Supply Depot  
  70  6:16  SCV  
  70  6:18  SCV  
  72  6:40  Factory Tech Lab x2  
  72  6:41  Factory Tech Lab x2  
  72  6:42  Orbital Command  
  72  6:43  Hellion x2  
  72  6:46  Battlecruiser  
  81  7:04  Orbital Command  
  68  7:10  Cyclone  
  68  7:11  Cyclone x3, Hellion  
  68  7:12  Hellion  
  74  7:33  Hellion  
  76  7:37  Hellion  
  76  7:42  Cyclone  
  76  7:43  Cyclone, Hellion x2  
  88  7:44  SCV x2  
  90  7:54  Orbital Command  
  90  8:14  Battlecruiser  
  90  8:15  Hellion x2  
  90  8:16  SCV  
  101  8:27  Supply Depot x2  
  101  8:28  Engineering Bay  
  101  8:31  Supply Depot  
  101  8:34  Hellion x2, SCV x3  
  108  8:46  SCV  
  108  8:47  Mag-Field Accelerator  
  108  8:48  Infernal Pre-Igniter  
  109  8:49  Cyclone, Hellion, SCV  
  109  8:54  SCV  
  116  8:58  SCV  
  116  9:00  Supply Depot  
  116  9:01  SCV  
  116  9:02  Missile Turret  
  118  9:03  Supply Depot  
  118  9:06  Refinery, Supply Depot, SCV  
  119  9:10  SCV  
  119  9:13  SCV  
  121  9:18  SCV  
  121  9:22  SCV  
  123  9:25  SCV  
  123  9:30  SCV  
  125  9:31  Refinery  
  125  9:34  SCV  
  125  9:36  Supply Depot  
  125  9:37  SCV  
  127  9:42  Supply Depot, SCV  
  127  9:43  Cyclone x2, Supply Depot x2  
  127  9:44  Supply Depot, Hellion  
  127  9:45  Supply Depot  
  136  9:48  Cyclone  
  136  9:49  SCV  
  140  10:04  Cyclone  
  140  10:05  Hellion  
  140  10:06  Missile Turret x2  
  145  10:07  Missile Turret  
  147  10:14  Hellion  
  147  10:15  Cyclone, Hellion  
  135  10:43  Cyclone x2  
  135  10:44  Cyclone, Hellion x2  
  135  10:47  Hellion  
  150  10:51  SCV x3  
  153  11:03  SCV  
Show
View Real Time Build Order
Export as new Build Order

Cal Zerg 

Build Orders: Hatch First 

Get SALT Encoding   

  12  0:00  Drone  
  13  0:08  Drone  
  14  0:17  Overlord  
  14  0:30  Extractor  
  14  0:31  Drone  
  15  0:38  Drone x2  
  17  0:53  Hatchery  
  16  0:58  Drone  
  17  1:10  Spawning Pool  
  16  1:12  Extractor  
  16  1:15  Drone  
  16  1:19  Drone  
  16  1:22  Drone  
  18  1:29  Overlord  
  18  1:39  Drone  
  19  1:52  Drone  
  20  1:57  Queen  
  23  2:01  Zergling x2  
  23  2:06  Queen  
  25  2:11  Zergling x2  
  25  2:12  Metabolic Boost  
  26  2:34  Drone x2  
  26  2:35  Drone x2  
  30  2:59  Drone x2  
  30  3:00  Drone x3  
  35  3:07  Drone  
  36  3:15  Overlord  
  36  3:32  Queen x2  
  39  3:42  Drone x4  
  39  3:43  Drone  
  39  3:45  Overlord  
  43  3:50  Hatchery  
  43  3:54  Overlord  
  42  3:56  Overlord  
  42  4:01  Zergling x2  
  43  4:05  Zergling x2  
  44  4:16  Drone x2  
  44  4:17  Drone x2  
  48  4:19  Extractor  
  48  4:20  Lair  
  48  4:23  Baneling Nest  
  46  4:25  Extractor  
  46  4:28  Extractor  
  44  4:38  Drone  
  44  4:39  Drone x4  
  49  4:47  Zergling x8  
  52  4:57  Overlord  
  52  4:59  Pneumatized Carapace  
  52  5:05  Drone x4  
  52  5:06  Drone  
  57  5:18  Overseer  
  57  5:20  Drone x4  
  57  5:21  Drone x3  
  64  5:27  Overlord x2  
  64  5:29  Centrifical Hooks  
  64  5:33  Evolution Chamber  
  63  5:36  Evolution Chamber  
  63  5:38  Zergling x8  
  63  5:39  Zergling x8  
  63  5:40  Baneling  
  63  5:41  Baneling x7  
  70  5:46  Spore Crawler  
  70  5:47  Spore Crawler  
  68  6:03  Overseer  
  68  6:10  Zergling x10  
  68  6:11  Zergling x4  
  75  6:12  Drone x2  
  75  6:13  Drone x2  
  75  6:15  Zerg Melee Weapons Level 1, Zerg Ground Armor Level 1  
  79  6:19  Spire, Overlord  
  78  6:31  Spore Crawler x2  
  72  6:38  Drone x3  
  73  6:40  Zergling x14  
  79  6:52  Queen  
  81  6:54  Queen  
  72  7:11  Spore Crawler  
  72  7:12  Drone x3  
  72  7:15  Spore Crawler  
  68  7:32  Drone  
  68  7:34  Baneling  
  68  7:35  Zergling x2  
  68  7:36  Zergling x10  
  68  7:37  Zergling x4  
  77  7:43  Zerg Flyer Weapons Level 1  
  75  7:44  Corruptor x3  
  75  7:46  Overlord  
  79  7:54  Overlord x2  
  78  8:08  Drone x2  
  78  8:09  Drone x3  
  83  8:14  Baneling x5  
  83  8:15  Baneling  
  83  8:16  Baneling  
  83  8:17  Drone x2, Baneling  
  85  8:21  Corruptor x2  
  85  8:25  Zerg Melee Weapons Level 2  
  89  8:27  Zerg Ground Armor Level 2  
  89  8:50  Drone x7  
  89  8:51  Drone  
  89  8:53  Extractor x2  
  94  9:08  Overseer  
  94  9:24  Corruptor  
  94  9:25  Corruptor  
  94  9:26  Overlord x4  
  98  9:49  Hatchery  
  98  9:51  Infestation Pit  
  96  9:57  Corruptor x2  
  96  9:58  Corruptor x5  
  106  10:08  Drone x2  
  106  10:09  Drone x3  
  106  10:13  Drone x5  
  104  10:38  Zergling x4  
  104  10:39  Zergling x10  
  88  10:50  Corruptor x6  
  100  11:00  Baneling x7  
  100  11:01  Baneling x2  
  100  11:02  Hatchery  
Tags
 
Add a new tag
Caveats
  • Supply blocks, unpowered buildings, or Contaminate may cause inaccurate times.
  • Supply counts are checked every 10 seconds.